 Dungeon Crawl Stone Soup version 0.25-a0-460-g4f2eb97ec1 (webtiles) character file.

Game seed: 4136749076859838465, levelgen mode: deterministic

7461 Nattfarinn the Dancer (level 11, -4/64 HPs)
             Began as a Kobold Assassin on Feb 3, 2020.
             Was a Follower of Uskayaw.
             Slain by a two-headed ogre
             ... wielding a +0 giant club
              (13 damage)
             ... on level 9 of the Dungeon.
             The game lasted 00:32:17 (14600 turns).

Nattfarinn the Dancer (Kobold Assassin)            Turns: 14600, Time: 00:32:18

Health: -4/64      AC: 10    Str: 13    XL:     11   Next: 37%
Magic:  11/20      EV: 14    Int: 12    God:    Uskayaw [*.....]
Gold:   376        SH:  0    Dex: 21    Spells: 10/10 levels left

rFire    . . .     SeeInvis .   I - +4 short sword (venom)
rCold    . . .     Gourm    .   (shield restricted)
rNeg     . . .     Faith    +   s - +2 scale mail {rPois}
rPois    +         Spirit   .   (no helmet)
rElec    .         Reflect  .   c - +0 cloak
rCorr    .         Harm     .   (no gloves)
MR       .....                  J - +0 pair of boots
Stlth    +++.......             C - amulet of faith
HPRegen  0.20/turn              E - +5 ring of strength
MPRegen  0.17/turn              (no ring)

@: studying Crossbows
A: small, carnivore
a: Stomp, Renounce Religion


You were on level 9 of the Dungeon.
You worshipped Uskayaw.
Uskayaw was pleased with you.
You were very full.

You visited 2 branches of the dungeon, and saw 10 of its levels.
You also visited: Sewer.

You collected 376 gold pieces.

Inventory:

Hand Weapons
 a - a +2 dagger
 b - a +0 hand crossbow
 I - a +4 short sword of venom (weapon)
Missiles
 d - 22 poisoned darts (quivered)
 e - 2 curare-tipped darts
 A - 44 bolts
Armour
 c - a +0 cloak (worn)
 m - a +0 leather armour
 s - a +2 scale mail of poison resistance (worn)
 y - a +0 robe
 J - a +0 pair of boots (worn)
Jewellery
 C - an amulet of faith (around neck)
 E - a +5 ring of strength (left hand)
 L - an uncursed ring of see invisible {unknown}
Wands
 i - a wand of random effects (8)
 x - a wand of flame (14)
 H - a wand of disintegration (12)
 N - a wand of clouds (3)
 O - a wand of polymorph (12)
 P - a wand of digging (9)
Scrolls
 g - a scroll of noise {unknown}
 h - 2 scrolls of enchant weapon {unknown}
 l - 5 scrolls of identify {unknown}
 o - a scroll of enchant armour {unknown}
 q - 7 scrolls of remove curse
 t - 2 scrolls of blinking {unknown}
 u - a scroll of magic mapping {unknown}
 B - 2 scrolls of amnesia {unknown}
 F - a scroll of holy word {unknown}
 Q - a scroll of teleportation
 R - 2 scrolls of immolation {unknown}
Potions
 j - a potion of flight
 k - 2 potions of agility
 n - a potion of ambrosia {unknown}
 p - 5 potions of lignification {unknown}
 r - a potion of mutation {unknown}
 v - 2 potions of magic {unknown}
 w - 3 potions of brilliance {unknown}
 z - 2 potions of might {unknown}
 D - 2 potions of cancellation {unknown}
 G - a potion of curing
 K - 4 potions of degeneration {unknown}
Books
 M - a manual of Crossbows
Comestibles
 f - 22 rations
 S - 3 chunks of flesh


   Skills:
 - Level 5.2 Fighting
 - Level 10.0 Short Blades
 + Level 9.2 Crossbows
 - Level 2.1 Throwing
 - Level 5.1 Dodging
 - Level 10.0 Stealth
 * Level 12.0 Invocations


You had 10 spell levels left.
You didn't know any spells.
Your spell library contained the following spells:

 Spells                   Type           Power        Failure   Level  Hunger
 Animate Skeleton         Necr           N/A          86%         1    ##.....
 Apportation              Tloc           #.....       86%         1    ##.....
 Corona                   Hex            #......      86%         1    ##.....
 Summon Small Mammal      Summ           #...         86%         1    ##.....


Dungeon Overview and Level Annotations

Branches:
Dungeon (9/15)             Temple (1/1) D:4            Lair (0/6) D:9
  Sewer (visited)
    Orc: D:9-12

Altars:
Ashenzari
Cheibriados
Dithmenos
Elyvilon
Fedhas
Gozag
Hepliaklqana
Kikubaaqudgha
Makhleb
Okawaru
Qazlal
Ru
Sif Muna
Trog
Uskayaw
Vehumet
Wu Jian
Xom
Yredelemnul
Zin
The Shining One

Shops:
D:5 (

Annotations:
D:3 4 runed translucent doors, Crazy Yiuf; anet's ghost, amateur HaWz


Innate Abilities, Weirdness & Mutations

You are small and have problems with some larger weapons.
You are carnivorous and can eat meat at any time.


Message History

Okay, then.
You hit the elephant.
The elephant looks as sick as possible!
The elephant is heavily wounded.
The elephant closely misses you. x2
Aiming: Grand Finale
Press: ? - help, Shift-Dir - straight line, f - elephant
Aim: an elephant (heavily wounded, extremely poisoned)
The elephant explodes violently!
You blow up the elephant!
Your Invocations skill increases to level 12!
You can no longer merge with and destroy a victim.
You feel a lot less full.
The two-headed ogre completely misses you.
The two-headed ogre hits you with a +0 giant club!
* * * LOW HITPOINT WARNING * * *
You hit the two-headed ogre but do no damage.
The two-headed ogre looks as sick as possible!
The two-headed ogre is severely wounded.
The two-headed ogre hits you with a +0 giant club!
You die...

#.##......#### .
#.......... .# ..
#%..†.# .# .P.
#.....# .# ..a.
###.### .#.....
#÷#####......Y.....
#................aO
####O####.........#
#@# ..h)P.# #.#
.?...# #.# ....#
#.#######...#
#.......†#.#
####.###...#
#######.###.###
#...........#
#.#####.#########


You could see a two-headed ogre.

Vanquished Creatures
  An elephant (D:9)
  Joseph (D:7)
  Maggie (D:8)
  Psyche (D:7)
  A hippogriff (D:9)
  3 yaks (D:7)
  Eustachio (Temple)
  A steam dragon (D:9)
  2 hungry ghosts
  Grum (D:8)
  Menkaure (D:7)
  A water moccasin (D:7)
  Duvessa (D:7)
  4 sky beasts
  A black bear (D:7)
  2 orc warriors
  A necrophage (D:8)
  3 wolves (D:8)
  3 ogres
  3 centaurs
  2 crocodiles (D:9)
  A big kobold (Sewer)
  Blork the orc (D:4)
  7 bullfrogs
  A wyvern zombie (D:8)
  Dowan (D:7)
  5 scorpions
  7 killer bees
  2 bullfrog zombies
  A centaur zombie (D:7)
  3 hounds
  7 crimson imps
  6 jellies
  10 orc wizards
  7 orc priests
  2 centaur skeletons (D:7)
  Natasha (thrice) (D:3)
  Terence (D:2)
  6 worker ants
  A hound zombie (D:7)
  4 gnolls (D:5)
  2 river rats (Sewer)
  16 adders
  A shadow imp (D:8)
  7 oozes
  An adder zombie (D:5)
  2 adder skeletons
  7 worms
  3 dart slugs
  8 leopard geckos
  32 orcs
  3 ball pythons
  6 bats
  7 giant cockroaches
  4 goblins
  3 hobgoblins (D:2)
  11 jackals
  6 quokkas
  A ball python zombie (D:5)
  6 frilled lizards
  A jackal skeleton (D:5)
  10 kobolds
  2 leopard gecko skeletons
  A quokka skeleton (D:6)
  3 quokka zombies
  12 rats
266 creatures vanquished.

Notes
Turn   | Place    | Note
-------+----------+-------------------------------------------
     0 | D:1      | Nattfarinn the Kobold Assassin began the quest for the Orb.
     0 | D:1      | Reached XP level 1. HP: 12/12 MP: 1/1
   192 | D:1      | Reached XP level 2. HP: 18/18 MP: 2/2
   451 | D:1      | Reached XP level 3. HP: 22/22 MP: 3/3
   781 | D:2      | Noticed a scorpion
   798 | D:2      | Killed a scorpion
   798 | D:2      | Reached XP level 4. HP: 10/28 MP: 4/4
  1150 | D:2      | Reached XP level 5. HP: 32/32 MP: 5/5
  1947 | D:2      | Noticed Terence
  1949 | D:2      | Killed Terence
  2260 | D:3      | Found a glowing drain.
  2545 | Sewer    | Entered a sewer
  2782 | Sewer    | Reached XP level 6. HP: 34/37 MP: 6/6
  3682 | D:3      | Found a runed translucent gate.
  3682 | D:3      | Found a runed translucent gate.
  3682 | D:3      | Found a runed translucent gate.
  3686 | D:3      | Found an opulent altar of Gozag.
  3695 | D:3      | Noticed anet's ghost (amateur HaWz)
  4184 | D:3      | Noticed Natasha
  4188 | D:3      | Killed Natasha
  4188 | D:3      | Reached XP level 7. HP: 42/42 MP: 7/7
  4254 | D:3      | Noticed Natasha
  4266 | D:3      | Killed Natasha
  4391 | D:3      | Noticed Natasha
  4400 | D:3      | Killed Natasha
  4467 | D:3      | Found a runed translucent door.
  4468 | D:3      | Noticed Crazy Yiuf
  4876 | D:4      | Reached skill level 5 in Short Blades
  5494 | D:3      | Reached XP level 8. HP: 46/48 MP: 8/8
  5768 | D:4      | Noticed Blork the orc
  5803 | D:4      | Found a staircase to the Ecumenical Temple.
  5812 | Temple   | Entered the Ecumenical Temple
  5837 | Temple   | Became a worshipper of Uskayaw the Reveler
  6119 | D:4      | Reached * piety under Uskayaw
  6141 | D:4      | Noticed Eustachio
  6156 | D:4      | Reached ** piety under Uskayaw
  6184 | Temple   | Killed Eustachio
  6234 | D:4      | Killed Blork the orc
  6402 | D:4      | Reached skill level 5 in Fighting
  6518 | D:4      | Reached skill level 5 in Dodging
  6518 | D:4      | Reached skill level 10 in Stealth
  6575 | D:4      | Reached *** piety under Uskayaw
  6579 | D:4      | Reached **** piety under Uskayaw
  6589 | D:4      | Reached ***** piety under Uskayaw
  6870 | D:5      | Entered Level 5 of the Dungeon
  6965 | D:5      | Reached skill level 1 in Invocations
  7074 | D:5      | Found a bloodstained altar of Trog.
  7082 | D:5      | Found a stormy altar of Qazlal.
  7094 | D:5      | Found a glowing golden altar of the Shining One.
  7097 | D:5      | Found a snail-covered altar of Cheibriados.
  7238 | D:5      | Found a shadowy altar of Dithmenos.
  7309 | D:5      | Reached skill level 2 in Invocations
  7533 | D:5      | Found Locevoz's Weapon Boutique.
  7614 | D:5      | Reached skill level 3 in Invocations
  7998 | D:5      | Reached XP level 9. HP: 38/54 MP: 11/11
  8749 | D:5      | Reached skill level 4 in Invocations
  9798 | D:6      | Found a radiant altar of Vehumet.
  9799 | D:6      | Found a burning altar of Makhleb.
  9802 | D:6      | Reached skill level 5 in Invocations
 10044 | D:7      | Noticed Joseph
 10078 | D:7      | Killed Joseph
 10078 | D:7      | Reached skill level 6 in Invocations
 10371 | D:7      | Noticed Dowan
 10371 | D:7      | Noticed Duvessa
 10394 | D:7      | Killed Duvessa
 10413 | D:7      | Killed Dowan
 10617 | D:7      | Reached skill level 7 in Invocations
 10831 | D:7      | Noticed Menkaure
 10834 | D:7      | Killed Menkaure
 10834 | D:7      | Reached XP level 10. HP: 59/59 MP: 15/15
 10857 | D:7      | Reached skill level 8 in Invocations
 10895 | D:7      | Found an ancient bone altar of Kikubaaqudgha.
 11083 | D:7      | Reached ****** piety under Uskayaw
 11110 | D:7      | Reached skill level 9 in Invocations
 11375 | D:7      | Reached skill level 1 in Crossbows
 11379 | D:7      | Reached skill level 10 in Short Blades
 11863 | D:8      | Noticed Psyche
 11875 | D:7      | Killed Psyche
 11959 | D:7      | Reached skill level 10 in Invocations
 12163 | D:7      | Reached skill level 5 in Crossbows
 12975 | D:8      | Noticed Maggie
 12999 | D:8      | Killed Maggie
 12999 | D:8      | Reached XP level 11. HP: 56/64 MP: 17/19
 13052 | D:8      | Reached skill level 11 in Invocations
 13240 | D:8      | Noticed Grum
 13971 | D:8      | Killed Grum
 14447 | D:9      | Found a staircase to the Lair.
 14447 | D:9      | Noticed an elephant
 14447 | D:9      | Noticed a two-headed ogre
 14599 | D:9      | Killed an elephant
 14599 | D:9      | Reached skill level 12 in Invocations
 14600 | D:9      | Slain by a two-headed ogre

Levels and vault maps discovered:
D:1:      dpeg_arrival_windows_large_door, layout_loops_ring,
          kennysheep_minor_cross
D:2:      layout_basic, minmay_tetromino_s4, uniq_terence
D:3:      kb_forest_paths, layout_basic, cheibrodos_sewer_entry_bend,
          ebering_ghost_gozag, minivault_19, uniq_natasha,
          uniq_crazy_yiuf_cottage
D:4:      layout_cave_pools, minmay_temple_entry_waves, serial_park_tiny_pond,
          uniq_blork_the_orc, uniq_eustachio
D:5:      layout_loops_corners, grunt_temple_overflow_cloverleaf,
          nicolae_overflow_hidden_temple, first_ration, serial_shops,
          kennysheep_mini_moat
D:6:      layout_loops_ring, grunt_temple_overflow_lords_of_destruction,
          minmay_misc_feat_ornament
D:7:      layout_loops_corners, kiku_gazebo_garden_becter, minmay_manual_moon,
          uniq_duvessa, uniq_menkaure, uniq_joseph
D:8:      layout_cave_pods, hangedman_little_slice_of_home, minmay_diced_spiral,
          uniq_grum, uniq_maggie, uniq_psyche
D:9:      layout_loops_ring, grunt_temple_overflow_opulence, david_lair_generic,
          gammafunk_ghost_nasty_kobolds, trog_book, uniq_gastronok, uniq_pikel
Temple:   chequers_temple_sunken

Skill      XL: |  1  2  3  4  5  6  7  8  9 10 11 |
---------------+----------------------------------+-----
Short Blades   | 3 4 5 7 9 10 | 10.0
Dodging        | 2 3 4 5 |  5.1
Fighting       | 3 4 5 |  5.2
Stealth        | 6 7 8 9 10 | 10.0
Invocations    | 3 7 10 12 | 12.0
Crossbows      | 6 9 |  9.2
Throwing       | |  2.1

Action                   |  1- 3 |  4- 6 |  7- 9 | 10-12 || total
-------------------------+-------+-------+-------+-------++-------
Melee: Dagger            |    80 |   315 |   537 |       ||   932
       Short sword       |       |       |    28 |   366 ||   394
 Fire: Hand crossbow     |       |     4 |    38 |       ||    42
Throw: Dart              |     2 |    48 |    79 |       ||   129
Invok: Grand Finale      |       |       |       |     2 ||     2
  Use: Potion            |     2 |     1 |     9 |       ||    12
       Scroll            |       |       |     5 |     1 ||     6
 Stab: Sleeping          |     8 |     9 |    19 |     9 ||    45
       Invisible         |       |     2 |     2 |     1 ||     5
       Paralysed         |       |       |    11 |    16 ||    27
       Distracted        |       |       |       |     2 ||     2
  Eat: Chunk             |     8 |    11 |    21 |    21 ||    61
Armor: Robe              |    12 |     2 |       |       ||    14
       Scale mail        |       |    94 |   173 |   107 ||   374
       Leather armour    |       |     7 |       |       ||     7
Dodge: Dodged            |    46 |   172 |   333 |   198 ||   749

Table legend:
 A = Non-vault XP
 B = Vault XP
 C = Vault XP percentage of total XP
 D = Non-vault monster count
 E = Vault monster count
 F = Vault count percentage of total count
                 A         B        C        D         E       F
            +---------+---------+-------+---------+---------+-------
      Total |    6295 |    4364 |  40.9 |     204 |      62 |  23.3
            +---------+---------+-------+---------+---------+-------
        D:1 |      35 |       0 |   0.0 |      20 |       0 |   0.0
        D:2 |     138 |      38 |  21.6 |      23 |       2 |   8.0
        D:3 |     226 |      71 |  23.9 |      13 |       9 |  40.9
        D:4 |     586 |      91 |  13.4 |      28 |       1 |   3.4
        D:5 |     702 |       0 |   0.0 |      28 |       0 |   0.0
        D:6 |     180 |      50 |  21.7 |      15 |       1 |   6.2
        D:7 |    2703 |    1431 |  34.6 |      42 |       8 |  16.0
        D:8 |    1193 |    1365 |  53.4 |      25 |      15 |  37.5
        D:9 |     532 |     904 |  63.0 |      10 |       4 |  28.6
     Temple |       0 |     197 | 100.0 |       0 |       1 | 100.0
      Sewer |       0 |     217 | 100.0 |       0 |      21 | 100.0
            +---------+---------+-------+---------+---------+-------
